 Dungeon Crawl Stone Soup version 0.29-a0-813-g4a14ea37d6 (webtiles) character file.

Game seed: 16880934177039164814

72 indigestion the Firebug (level 4, -5/27 HPs)
             Began as an Octopode Fire Elementalist on July 4, 2022.
             Shot with an arrow by a centaur (10 damage)
             ... on level 3 of the Dungeon.
             The game lasted 00:09:58 (3470 turns).

indigestion the Firebug (OpFE)                      Turns: 3470, Time: 00:09:58

Health: -5/27      AC:  1    Str:  7    XL:     4   Next: 26%
Magic:  6/7        EV: 13    Int: 25    God:
Gold:   149        SH:  0    Dex: 12    Spells: 2/8 levels left

rFire   . . .      SeeInvis .   t - +2 short sword (venom)
rCold   . . .      Faith    .   (no shield)
rNeg    . . .      Spirit   .   (helmet restricted)
rPois   .          Reflect  .   (no amulet)
rElec   .          Harm     .   u - +6 ring of intelligence
rCorr   .          Rampage  .   (no ring)
Will    .....                   (no ring)
Stlth   +++.......              (no ring)
HPRegen 0.09/turn               (no ring)
MPRegen 0.10/turn               (no ring)
                                (no ring)
                                (no ring)

@: no status effects
A: almost no armour, amphibious, 8 rings, camouflage 1, gelatinous body 1,
(nimble swimmer 1), tentacles
a: no special abilities


You were on level 3 of the Dungeon.
You visited 1 branch of the dungeon, and saw 3 of its levels.

You collected 149 gold pieces.

Inventory:

Hand Weapons
 j - a +0 dagger
 l - a +0 spear
 o - a +0 whip
 t - a +2 short sword of venom (weapon)
Missiles
 n - 11 boomerangs
Jewellery
 u - a +6 ring of intelligence (left tentacle)
Scrolls
 d - a scroll of enchant armour {unknown}
 f - a scroll of vulnerability {unknown}
 g - 2 scrolls of identify
 i - 2 scrolls of blinking {unknown}
 p - a scroll of summoning {unknown}
 q - a scroll of teleportation {unknown}
 s - 2 scrolls of fear {unknown}
Potions
 a - a potion of magic
 b - a potion of curing {unknown}
 c - a potion of resistance {unknown}
 e - 2 potions of haste
 h - a potion of invisibility {unknown}
 k - a potion of brilliance {unknown}
 m - 2 potions of lignification {unknown}
 r - a potion of cancellation {unknown}
 v - a potion of flight {unknown}


   Skills:
 - Level 2.5 Dodging
 - Level 3.0 Stealth
 - Level 2.5 Spellcasting
 - Level 2.0 Conjurations
 * Level 0.5 Hexes
 + Level 3.6 Fire Magic


You had 2 spell levels left.
You knew the following spells:

 Your Spells              Type           Power      Damage    Failure   Level
a - Foxfire               Conj/Fire      68%        2x1d7     3%          1
b - Scorch                Fire           42%        2d7       3%          2
c - Inner Flame           Hex/Fire       13%        N/A       14%         3

Your spell library contained the following spells:

 Spells                   Type           Power      Damage    Failure   Level
 Conjure Flame            Conj/Fire      17%        6-21      10%         3
 Flame Wave               Conj/Fire      17%        2d6       32%         4


Dungeon Overview and Level Annotations

Branches:
Dungeon (3/15)

Altars:

Shops:
D:1 (

Annotations:
D:3 1 runed translucent door, Crazy Yiuf


Innate Abilities, Weirdness & Mutations

You cannot wear most types of armour.
You are amphibious.
You can wear up to eight rings at the same time.
Your skin changes colour to match your surroundings (Stealth+).
Your rubbery body absorbs attacks. (AC +1, EV +1)
((You are camouflaged when in or above water. (Stealth+)))
You have tentacles for arms and can constrict up to eight enemies at once.


Message History

v - a lumpy inky potion
As you read the scroll labelled INWAH NAUD, it crumbles to dust.
It is a scroll of identify.
e - 2 potions of haste A bat and a goblin come into view.
Found a dagger.
Casting: Foxfire (safe; 3% risk of failure)
Confirm with . or Enter, or press ? or * to list all spells.
You conjure some foxfire!
Casting: Foxfire (safe; 3% risk of failure)
Confirm with . or Enter, or press ? or * to list all spells.
You conjure some foxfire!
The foxfire hits the bat.
The bat is moderately wounded.
The foxfire hits the bat.
You kill the bat!
Your foxfire dissipates!
The foxfire hits the goblin.
The goblin is moderately wounded.
Casting: Foxfire (safe; 3% risk of failure)
Confirm with . or Enter, or press ? or * to list all spells.
You conjure some foxfire!
The foxfire hits the goblin.
You kill the goblin!
Your foxfire dissipates!
Found 5 stones.
You see here a +0 dagger.
g - 2 scrolls of identify (gained 1)
A centaur is nearby!
Casting: Foxfire (safe; 3% risk of failure)
Confirm with . or Enter, or press ? or * to list all spells.
You conjure some foxfire!
The foxfire hits the centaur.
The centaur is lightly wounded.
The centaur shoots an arrow.
The arrow hits you!
The centaur shoots an arrow.
The arrow hits you!
Ouch! That really hurt!
* * * LOW HITPOINT WARNING * * *
Your foxfire dissipates!
The centaur shoots an arrow.
The arrow hits you!
You die...

#.......# ### #.......# #.. #
#.......# #.. #
#.§.....########.. #####
#..§.§..#.....#... ....###
#....§..#.#####... ....>.#
#.........####.... ###.#.######
#................. ###........#
###@.......###.#####
...........###....#####.# #.#
..........>##..######...# #.#
)..........##.##.>......###.#
).....##....c.##.##.##.###..#####
.....######...#..#..#..##........
...)...##..<....#..##..##........
..........#.#......#.............
...##.###.......#......##....)...


You could see a centaur.

Vanquished Creatures
  An adder (D:2)
  2 worms (D:2)
  6 orcs (D:3)
  5 ball pythons
  2 bats
  3 endoplasms
  4 giant cockroaches
  6 goblins
  2 hobgoblins
  2 jackals (D:1)
  5 kobolds
  2 quokkas
  2 frilled lizards
  3 rats
45 creatures vanquished.

Vanquished Creatures (others)
  94 foxfires
94 creatures vanquished.

Grand Total: 139 creatures vanquished

Notes
Turn   | Place    | Note
-------+----------+-------------------------------------------
     0 | D:1      | indigestion the Octopode Fire Elementalist began the quest
                  | for the Orb.
     0 | D:1      | Reached XP level 1. HP: 11/11 MP: 3/3
   150 | D:1      | Found Reoweiqu's Antique Weapon Emporium.
   168 | D:1      | Reached XP level 2. HP: 17/17 MP: 1/5
  1234 | D:2      | Reached XP level 3. HP: 21/21 MP: 2/6
  1271 | D:2      | Learned a level 2 spell: Scorch
  1275 | D:2      | Learned a level 3 spell: Inner Flame
  1859 | D:2      | Found a faded altar of an unknown god.
  2150 | D:3      | Reached XP level 4. HP: 19/27 MP: 4/7
  2237 | D:3      | Noticed a centaur
  3252 | D:3      | Found a runed translucent door.
  3253 | D:3      | Noticed Crazy Yiuf
  3470 | D:3      | Shot with an arrow by a centaur

Illustrated notes

Levels and vault maps discovered:
D:1:      dpeg_arrival_stone_temple_mockup, layout_basic, serial_shops,
          nicolae_shop_statue_plus
D:2:      layout_loops_ring, ebering_ecumenical_altar_sacrificial
D:3:      layout_rooms, uniq_crazy_yiuf_cottage

Skill      XL: |  1  2  3  4 |
---------------+-------------+-----
Stealth        | 3 |  3.0
Conjurations   | 2 |  2.0
Dodging        | |  2.5
Spellcasting   | |  2.5
Hexes          | |  0.5
Fire Magic     | |  3.6

Action                   |  1- 3 |  4- 6 || total
-------------------------+-------+-------++-------
Melee: Unarmed           |     3 |       ||     3
       Constrict         |    10 |       ||    10
       Tentacles         |     5 |       ||     5
       Dagger            |    28 |       ||    28
       Punch             |     1 |       ||     1
       Short sword       |       |     3 ||     3
 Cast: Foxfire           |    39 |    17 ||    56
       Scorch            |     1 |     1 ||     2
  Use: Scroll            |       |     1 ||     1
 Stab: Sleeping          |     6 |       ||     6
Armor: Skin              |     2 |       ||     2
Dodge: Dodged            |    14 |     5 ||    19

Table legend: (Time is in decaauts)
 A = Elapsed time spent in this place.
 B = Non-inter-level travel time spent in this place.
 C = Inter-level travel time spent in this place.
 D = Time resting spent in this place.
 E = Time spent auto-exploring this place.
 F = Levels seen in this place.
 G = Mean time per level.
                   A        B        C        D        E       F      G
               +--------+--------+--------+--------+--------+-----+--------+
         Total |   3471 |   3395 |     76 |    943 |   1901 |   3 | 1157.0 |
       Dungeon |   3471 |   3395 |     76 |    943 |   1901 |   3 | 1157.0 |
               +--------+--------+--------+--------+--------+-----+--------+

Top non-repeatable levels by time:
     D:2: 1853 daAuts
     D:1: 1003 daAuts
     D:3: 614 daAuts
